 Dungeon Crawl Stone Soup version 0.31.0-32-g396128a36d (webtiles) character file.

Game seed: 15503870072404190747

65 FexLirch the Grasshopper (level 4, -3/34 HPs)
             Began as a Formicid Warper on Mar 15, 2024.
             Was a Follower of Uskayaw.
             Killed from afar by Natasha (4 damage)
             ... with a magic dart
             ... on level 1 of the Dungeon.
             The game lasted 00:04:02 (1515 turns).

FexLirch the Grasshopper (Formicid Warper)          Turns: 1515, Time: 00:04:02

Health: -3/34      AC:  3    Str: 16    XL:     4   Next: 34%
Magic:  4/7        EV: 12    Int: 14    God:    Uskayaw [*.....]
Gold:   56         SH:  0    Dex: 13    Spells: 2/7 levels left

rFire   . . .        a - +0 mace
rCold   . . .        (no shield)
rNeg    . . .        b - +0 leather armour
rPois   .            (helmet unavailable)
rElec   .            (no cloak)
rCorr   .            (no gloves)
SInv    +            (no boots)
Will    .....        (no amulet)
Stlth   +            (no ring)
HPRegen 0.25/turn    (no ring)
MPRegen 0.10/turn

%: no passive effects
@: no status effects
A: permanent stasis, dig shafts and tunnels, antennae 3, four strong arms
a: Dig, Shaft Self, Renounce Religion, Stomp


You were on level 1 of the Dungeon.
You worshipped Uskayaw.
Uskayaw was noncommittal.
You visited 1 branch of the dungeon, and saw 2 of its levels.

You collected 56 gold pieces.

Inventory:

Hand Weapons
 a - a +0 mace (weapon)
Missiles
 c - 3 darts of dispersal
 d - 30 stones (quivered)
Armour
 b - a +0 leather armour (worn)
Scrolls
 f - a scroll of summoning {unknown}
 g - a scroll of teleportation {unknown}
Potions
 e - a potion of haste {unknown}


   Skills:
 + Level 2.6 Fighting
 * Level 2.9 Maces & Flails
 - Level 1.0 Throwing
 + Level 1.9 Armour
 + Level 2.3 Dodging
 - Level 2.1 Spellcasting
 + Level 3.0 Translocations
 + Level 0.4 Invocations


You had 2 spell levels left.
You knew the following spells:

 Your Spells              Type           Power      Damage    Failure   Level
a - Lesser Beckoning      Tloc           18%        N/A       13%         2
b - Teleport Other        Tloc           9%         N/A       26%         3

Your spell library contained the following spells:

 Spells                   Type           Power      Damage    Failure   Level
 Freeze                   Ice            4%         1d3       28%         1
 Manifold Assault         Tloc           9%         N/A       63%         4
 Frozen Ramparts          Ice            2%         1d1       65%         3
 Hailstorm                Conj/Ice       1%         3d5       65%         3
 Blink                    Tloc           Unusable   N/A       N/A         2
 Vhi's Electric Charge    Tloc/Air       Unusable   N/A       N/A         4

Dungeon Overview and Level Annotations

Branches:
Dungeon (2/15)

Altars:
Uskayaw

Annotations:
D:1 Natasha
D:2 Robin


Innate Abilities, Weirdness & Mutations

You cannot be hasted, slowed, berserked, paralysed or teleported.
You can dig through walls and to a lower floor.
You have a pair of large antennae on your head. (SInv)
Your four strong arms can wield two-handed weapons with a shield.


Message History

You hit Natasha but do no damage.
Natasha is severely wounded.
Natasha claws you.
You barely miss Natasha.
Natasha is severely wounded.
Natasha claws you but does no damage.
You hit Natasha but do no damage.
Natasha is severely wounded.
Natasha claws you!
You hit Natasha.
Natasha is severely wounded.
Natasha casts a spell.
Natasha claws you.
* * * LOW HITPOINT WARNING * * *
You barely miss Natasha.
Natasha is severely wounded.
Natasha claws you.
* * * LOW HITPOINT WARNING * * *
The cerulean imp barely misses you.
Casting: Teleport Other (quite dangerous; 26% risk of failure)
Confirm with . or Enter, or press ? or * to list all spells.
Aiming: Teleport Other (quite dangerous; 26% risk of failure)
Press: ? - help, Shift-Dir - straight line, f - cerulean imp
Aim: a cerulean imp, wielding a +0 spear (summoned, chance to affect: 29%)
The cerulean imp easily resists.
Natasha barely misses you.
The cerulean imp hits you with a +0 spear.
* * * LOW HITPOINT WARNING * * *
You closely miss Natasha.
Natasha is severely wounded.
Natasha closely misses you.
The cerulean imp hits you but does no damage.
You closely miss Natasha.
Natasha is severely wounded.
Natasha claws you.
* * * LOW HITPOINT WARNING * * *
The cerulean imp hits you but does no damage.
Natasha casts a spell at you. The magic dart hits you.
You die...
Natasha begins licking her fur clean.

######## #......# #.####.#
#.#....################
#.#..........#........#
#.#....#####.#.######.###
#.##.#.# ##....# #......#
#......# #..5..###.##.#)#
####.### ##@h......##.#.# #.#
##.#.######.#)# #.#
#.#.######.#.# #.#
#.#........#.# ####.#
##+##########.### ##.##.##
##...## #....#
##.#....####.....## ##.#.#
#.##.....##.......## ##.##.#
#####.#....##.........####...#.#


You could see Natasha and a cerulean imp (summoned).

Vanquished Creatures
  2 adders (D:2)
  2 dart slugs (D:1)
  3 bats
  6 endoplasms (D:1)
  3 giant cockroaches
  5 goblins
  A hobgoblin (D:1)
  5 kobolds
  3 quokkas (D:1)
  4 ball pythons
  2 frilled lizards (D:1)
  3 rats
39 creatures vanquished.

Notes
Turn   | Place    | Note
-------+----------+-------------------------------------------
     0 | D:1      | FexLirch the Formicid Warper began the quest for the Orb.
     0 | D:1      | Reached XP level 1. HP: 16/16 MP: 3/3
   202 | D:1      | Reached XP level 2. HP: 11/22 MP: 5/5
   509 | D:1      | Reached XP level 3. HP: 22/28 MP: 6/6
   512 | D:1      | Learned a level 2 spell: Lesser Beckoning
   516 | D:1      | Learned a level 3 spell: Teleport Other
   961 | D:1      | Found a faded altar of an unknown god.
   970 | D:1      | Prayed at the altar of an unknown god.
   970 | D:1      | Became a worshipper of Uskayaw the Reveller
   970 | D:1      | Reached * piety under Uskayaw
   978 | D:1      | Reached ** piety under Uskayaw
  1258 | D:2      | Reached XP level 4. HP: 32/34 MP: 7/7
  1286 | D:2      | Noticed Robin
  1292 | D:2      | Noticed Natasha
  1312 | D:1      | Reached skill level 3 in Translocations
  1515 | D:1      | HP: 1/34 [Natasha (5)]
  1515 | D:1      | Killed from afar by Natasha

Illustrated notes

Levels and vault maps discovered:
D:1:      erik_arrival_cave_to_civilisation [erik_arrival_cave_to_hall],
          layout_loops_corners, shapermc_ecumenical_altar_venn
D:2:      layout_basic, uniq_crazy_yiuf_cottage, uniq_robin, uniq_natasha

Skill      XL: |  1  2  3  4 |
---------------+-------------+-----
Dodging        | 2 |  2.3
Translocations | 3 |  3.0
Fighting       | |  2.6
Maces & Flails | |  2.9
Throwing       | |  1.0
Armour         | |  1.9
Spellcasting   | |  2.1
Invocations    | |  0.4

Action                     |  1- 3 |  4- 6 || total
---------------------------+-------+-------++-------
  Melee: Mace              |    86 |    39 ||   125
  Throw: Stone             |     2 |     5 ||     7
         Dart              |       |     6 ||     6
   Cast: Teleport Other    |     1 |     3 ||     4
 Armour: Leather armour    |    49 |    45 ||    94
  Dodge: Dodged            |    64 |    48 ||   112
